 Dungeon Crawl Stone Soup version 0.29-a0-824-gd827844252 (webtiles) character file.

Game seed: 13129034870020971438

4119 Malachi the Thaumaturge (level 10, -4/72 HPs)
             Began as a Djinni Ice Elementalist on July 10, 2022.
             Blown up by an orb spider (27 damage)
             ... with a wavering orb of destruction
             ... on level 8 of the Dungeon.
             The game lasted 00:18:47 (14842 turns).

Malachi the Thaumaturge (Djinni Ice Elementalist)  Turns: 14842, Time: 00:18:47

Health: -4/72      AC:  6    Str:  7    XL:     10   Next: 51%
Gold:   494        EV: 12    Int: 21    God:
                   SH:  0    Dex: 14

rFire   + + .      SeeInvis .   E - +2 flail (venom)
rCold   x . .      Faith    .   (no shield)
rNeg    . . .      Spirit   .   f - +0 steam dragon scales
rPois   ∞          Reflect  .   n - +0 hat
rElec   .          Harm     .   r - +0 cloak
rCorr   .          Rampage  .   (no gloves)
Will    +....                   (boots unavailable)
Stlth   ++........              (no amulet)
HPRegen 0.22/turn               (no ring)
MPRegen 0.00/turn               (no ring)

@: flying
A: sickness immunity, fire resistance 2, cold vulnerability 1, float, innate
caster, HP casting, extra vitality 1
a: no special abilities


You were on level 8 of the Dungeon.
You visited 2 branches of the dungeon, and saw 9 of its levels.

You collected 542 gold pieces.
You spent 48 gold pieces at shops.

Inventory:

Hand Weapons
 y - a +4 dire flail
 E - a +2 flail of venom (weapon)
Missiles
 B - a throwing net
Armour
 f - +0 steam dragon scales (worn)
 n - a +0 hat (worn)
 r - a +0 cloak (worn)
Jewellery
 m - an amulet of reflection
Wands
 v - a wand of polymorph (8)
Scrolls
 a - a scroll of vulnerability
 b - a scroll of magic mapping
 c - 4 scrolls of poison
 e - 3 scrolls of enchant weapon
 j - 3 scrolls of enchant armour
 k - 2 scrolls of blinking
 l - 6 scrolls of teleportation
 q - a scroll of silence
 s - 2 scrolls of identify
 t - a scroll of fog
 w - a scroll of brand weapon
 D - a scroll of fear
Potions
 d - 4 potions of curing
 g - 5 potions of heal wounds
 h - 3 potions of brilliance {unknown}
 i - 2 potions of haste {unknown}
 o - 4 potions of attraction {unknown}
 p - a potion of ambrosia {unknown}
 u - a potion of berserk rage
 x - a potion of degeneration {unknown}
 z - a potion of mutation {unknown}
 A - 2 potions of lignification {unknown}
 C - 2 potions of might {unknown}
 F - a potion of flight {unknown}


   Skills:
 * Level 5.6 Fighting
 - Level 2.1 Dodging
 - Level 1.5 Stealth
 + Level 10.8 Spellcasting
 - Level 1.1 Evocations


You had 9 spell levels left.
You knew the following spells:

 Your Spells              Type           Power      Damage    Failure   Level
a - Freeze                Ice            100%       1d11      1%          1
b - Frozen Ramparts       Ice            100%       1d12      1%          3
c - Ozocubu's Armour      Ice            54%        N/A       1%          3
d - Hailstorm             Conj/Ice       54%        3d12      1%          4
e - Necrotise             Necr           100%       1d9       1%          1
f - Call Imp              Summ           54%        N/A       1%          2
g - Tukima's Dance        Hex            54%        N/A       1%          3
h - Petrify               Tmut/Erth      54%        N/A       1%          4
Your spell library was empty.

Dungeon Overview and Level Annotations

Branches:
Dungeon (8/15)             Temple (1/1) D:5
   Lair: D:8-11

Altars:
Ashenzari
Cheibriados
Dithmenos
Elyvilon
Fedhas
Gozag
Hepliaklqana
Nemelex Xobeh
Okawaru
Qazlal
Ru
Trog
Uskayaw
Xom
Yredelemnul
Zin
The Shining One

Shops:
D:2 [   D:3 (   D:7 (   D:8 ?=[


Innate Abilities, Weirdness & Mutations

You are immune to sickness and miasma.
You are immune to poison.
Your flesh is very heat resistant. (rF++)
You are vulnerable to cold. (rC-)
You float through the air rather than walking.
You learn spells naturally, not from books.
Your magical power is your life essence.
You have superior vitality. (+4 MHP)


Message History

Unknown command.
You fly downwards.
The orb spider weaves a glowing orb of energy.
The wavering orb of destruction weakly hits you!!
There is a stone staircase leading up here.
Unknown command.
Casting: Ozocubu's Armour (safe; 1% risk of failure)
Confirm with . or Enter, or press ? or * to list all spells.
Casting: Frozen Ramparts (safe; 1% risk of failure)
Press: ? - help, Dir - look around, f - activate A stone staircase leading up.
The walls around you are covered in ice.
The wall freezes the orb spider.
Unknown command.
Your frozen ramparts will break if you move.
Continue?
Okay, then.
The wall freezes the orb spider!
The orb spider spins a strand of pure energy.
The wall freezes the orb spider!
Unknown command.
Your frozen ramparts will break if you move.
Continue?
The frozen ramparts melt away as you move.
The orb spider weaves a glowing orb of energy.
An orb of destruction comes into view.
The orb of destruction hits a rock wall.
The orb spider spins a strand of pure energy.
You closely miss the orb spider.
The orb spider is heavily wounded.
The orb spider weaves a glowing orb of energy.
An orb of destruction comes into view.
The wavering orb of destruction hits you!!
* * * LOW HITPOINT WARNING * * *
Your +2 flail of venom begins to drip with poison!
E - a +2 flail of venom (weapon)
The orb spider begins to weave its threads into a brightly glowing ball.
You closely miss the orb spider.
The orb spider is moderately wounded.
The orb spider weaves a glowing orb of energy.
The wavering orb of destruction weakly hits you!!
You die...

#...#
#.#####...#...#####...#...#
##..###.#...#...#...# #...#...#
###.###.....#.###K#.....#.###.#)
#.####...###...###...###...###
#...#.###.#..s..# ###.#.....#.
##()#...#(..#...#...#...#.(.#..
##..<#...#...#####...#.. #####..
#..#.#...#...#.s.#...#...#...#..
##.##..#.###.#..@..#.## #.....#.
#..###.##...###...## . ##...###
(.## #.#.....#.###.# .. #.###.#.
(## #..#...#...# ..# #. #...# ##
#..#####...# .# # #...# .#
##.#...#...# .# . #...# ..#
##.....#.## . #.###.#. ...#
##...###.. #. ##...### ....#
#.###.# .... #.....#.


You could see an orb spider.

Vanquished Creatures
  Maggie (D:7)
  Prince Ribbit (D:8)
  2 steam dragons
  A water moccasin (D:6)
  2 ice beasts
  A sky beast (D:7)
  2 black bears
  An orc warrior (D:7)
  2 ogres
  A centaur (D:7)
  2 phantoms
  2 kobold brigands (D:8)
  3 bullfrogs
  3 gnoll sergeants
  A necrophage (D:5)
  5 scorpions
  5 wights
  6 killer bees
  A howler monkey (D:4)
  Crazy Yiuf (D:2)
  2 jellies
  6 hounds
  2 gnoll boudas
  Jessica (D:3)
  An iguana (D:6)
  An orc wizard (D:6)
  20 gnolls
  6 adders
  2 shadow imps (D:7)
  A white imp (D:8)
  An ufetubus (D:6)
  3 worms
  4 dart slugs
  11 orcs
  5 bats
  3 endoplasms
  3 giant cockroaches
  11 goblins
  9 hobgoblins
  5 quokkas
  8 ball pythons
  2 frilled lizards (D:2)
  10 kobolds
  4 rats
164 creatures vanquished.

Vanquished Creatures (collateral kills)
  An ice beast (D:6)
  A hound (D:5)
2 creatures vanquished.

Grand Total: 166 creatures vanquished

Notes
Turn   | Place    | Note
-------+----------+-------------------------------------------
     0 | D:1      | Malachi the Djinni Ice Elementalist began the quest for the
                  | Orb.
     0 | D:1      | Malachi set off with the following spells memorised:
                  | Freeze, Frozen Ramparts, Ozocubu's Armour, Hailstorm.
     0 | D:1      | Reached XP level 1. HP: 15/15 MP: 0/0
   427 | D:1      | Reached XP level 2. HP: 20/21 MP: 0/0
  1374 | D:2      | Reached XP level 3. HP: 18/25 MP: 0/0
  1374 | D:2      | Learned a level 1 spell: Necrotise
  1612 | D:2      | Reached skill level 4 in Spellcasting
  1917 | D:2      | Reached XP level 4. HP: 28/31 MP: 0/0
  1970 | D:2      | Found a faded altar of an unknown god.
  2846 | D:2      | Found a runed translucent door.
  2847 | D:2      | Noticed Crazy Yiuf
  2980 | D:2      | Found Aczuba's Antique Armour Boutique.
  3319 | D:2      | Killed Crazy Yiuf
  3320 | D:2      | Reached XP level 5. HP: 26/35 MP: 0/0
  3320 | D:2      | Learned a level 2 spell: Call Imp
  3970 | D:3      | Found Waduv's Antique Weapon Shop.
  4011 | D:3      | Found an iron altar of Okawaru.
  4053 | D:3      | Noticed Jessica
  4068 | D:3      | Killed Jessica
  4069 | D:3      | Reached skill level 5 in Spellcasting
  4845 | D:4      | Noticed a phantom
  4854 | D:4      | Killed a phantom
  4855 | D:4      | Reached XP level 6. HP: 34/40 MP: 0/0
  5308 | D:4      | Reached skill level 6 in Spellcasting
  5308 | D:4      | Reached XP level 7. HP: 28/45 MP: 0/0
  5308 | D:4      | Learned a level 3 spell: Tukima's Dance
  6792 | D:5      | Entered Level 5 of the Dungeon
  6885 | D:5      | Found a staircase to the Ecumenical Temple.
  7087 | D:5      | Found a shadowy altar of Dithmenos.
  7350 | D:5      | Reached skill level 7 in Spellcasting
  7451 | D:5      | Reached XP level 8. HP: 38/50 MP: 0/0
  7756 | Temple   | Entered the Ecumenical Temple
  9647 | D:6      | Reached skill level 8 in Spellcasting
  9647 | D:6      | Reached skill level 1 in Evocations
 10163 | D:6      | Reached skill level 1 in Fighting
 10469 | D:6      | Reached XP level 9. HP: 51/57 MP: 0/0
 10469 | D:6      | Learned a level 4 spell: Petrify
 10658 | D:6      | Reached skill level 9 in Spellcasting
 11119 | D:7      | Found Qoxazxo's Weapon Boutique.
 11139 | D:7      | Noticed Maggie
 11146 | D:8      | Found Hitiolac's Magic Scroll Boutique.
 11510 | D:7      | Killed Maggie
 11793 | D:7      | Reached skill level 10 in Spellcasting
 11796 | D:7      | Reached XP level 10. HP: 37/67 MP: 0/0
 12910 | D:8      | Noticed Prince Ribbit
 12930 | D:8      | Killed Prince Ribbit
 12931 | D:8      | Reached skill level 5 in Fighting
 13339 | D:8      | Bought a scroll of teleportation for 48 gold pieces
 13864 | D:8      | Found Lyhux's Jewellery Shoppe.
 13891 | D:8      | Found Bebrugira's Antique Armour Emporium.
 14305 | D:8      | Noticed a two-headed ogre
 14318 | D:8      | Noticed an orb spider
 14318 | D:8      | a two-headed ogre changed into an orb spider
 14842 | D:8      | Blown up by an orb spider

Illustrated notes

Levels and vault maps discovered:
D:1:      dpeg_arrival_yet_another_circle, layout_loops_ring,
          roderic_cross_of_infinity
D:2:      layout_loops_ring, shapermc_ecumenical_altar_starsandcircs,
          serial_shops, nicolae_shop_behind_doors, chequers_hall_statues_y,
          kennysheep_boxes, uniq_crazy_yiuf_cottage
D:3:      layout_basic, okawaru_ov_weapons_minmay, serial_shops, shop,
          uniq_jessica
D:4:      layout_basic, serial_co_window_serial, co_window_paths_b,
          co_window_paths_a, co_window_paths_b, co_window_paths_a,
          co_window_of_opportunity_a, co_window_paths_a, co_window_broadway_b,
          co_window_2corner, co_window_broadway_c, co_window_of_opportunity_b,
          co_window_unsneaky_path_c, co_window_2corner,
          co_window_unsneaky_path_c, glass_columns_a, glass_columns_a,
          glass_columns_a, minmay_divided_ellipse
D:5:      layout_cave_pools, mainiacjoe_overflow_concentric_impassable,
          minmay_temple_entry_arrows
D:6:      layout_rooms, grunt_decor_mini_mirrors, nrook_loot_triangle,
          st_stairs_4
D:7:      layout_gridville, serial_shops, shop, minmay_misc_feat_rows,
          glass_columns_c, kennysheep_generic_room_11, uniq_maggie
D:8:      nicolae_cairo_tiling, layout_cave_pods, serial_shops, shop,
          nicolae_shop_crystal, nicolae_shop_trees,
          nicolae_shop_advertising_works [nicolae_subvault_shop_adworks],
          minmay_fractal_squares_gapless_5, uniq_prince_ribbit1
Temple:   regret_index_temple_mists

Skill      XL: |  1  2  3  4  5  6  7  8  9 10 |
---------------+-------------------------------+-----
Spellcasting   | 4 5 6 7 8 10 | 10.8
Evocations     | 1 |  1.1
Fighting       | 1 3 5 |  5.6
Dodging        | |  2.1
Stealth        | |  1.5

Action                   |  1- 3 |  4- 6 |  7- 9 | 10-12 || total
-------------------------+-------+-------+-------+-------++-------
Melee: Unarmed           |    17 |     3 |       |       ||    20
       Quarterstaff      |       |    36 |    52 |       ||    88
       Flail             |       |       |    44 |    46 ||    90
       Punch             |       |       |     1 |     2 ||     3
       Dire flail        |       |       |       |    38 ||    38
 Cast: Freeze            |    43 |    40 |    53 |     2 ||   138
       Frozen Ramparts   |       |     7 |    17 |    13 ||    37
       Ozocubu's Armour  |       |     2 |    11 |     8 ||    21
       Call Imp          |       |       |     8 |       ||     8
       Tukima's Dance    |       |       |     4 |       ||     4
       Hailstorm         |       |       |     1 |       ||     1
       Necrotise         |       |       |     1 |       ||     1
Evoke: Wand              |       |       |       |     1 ||     1
  Use: Scroll            |       |       |    18 |     1 ||    19
       Potion            |       |       |     1 |       ||     1
 Stab: Sleeping          |     1 |     2 |     3 |       ||     6
Armor: Robe              |    12 |    23 |    57 |       ||    92
       Steam dragon scal |       |       |     1 |    37 ||    38
Dodge: Dodged            |    30 |    50 |   139 |    97 ||   316

Table legend: (Time is in decaauts)
 A = Elapsed time spent in this place.
 B = Non-inter-level travel time spent in this place.
 C = Inter-level travel time spent in this place.
 D = Time resting spent in this place.
 E = Time spent auto-exploring this place.
 F = Levels seen in this place.
 G = Mean time per level.
                   A        B        C        D        E       F      G
               +--------+--------+--------+--------+--------+-----+--------+
         Total |  14918 |  14567 |    351 |   4874 |   7859 |   9 | 1657.6 |
       Dungeon |  14572 |  14229 |    343 |   4874 |   7730 |   8 | 1821.5 |
        Temple |    346 |    338 |      8 |      0 |    129 |   1 |  346.0 |
               +--------+--------+--------+--------+--------+-----+--------+

Top non-repeatable levels by time:
     D:6: 2770 daAuts
     D:7: 2122 daAuts
     D:4: 2081 daAuts
     D:2: 1899 daAuts
     D:8: 1883 daAuts
     D:1: 1666 daAuts
     D:3: 1163 daAuts
     D:5: 984 daAuts
  Temple: 346 daAuts
